 Dungeon Crawl Stone Soup version 0.32-a0-473-gd044c6f (webtiles) character file.

Game seed: 4314496417807795386

19798 Remcycle the Grappler (level 12, -2/119 HPs)
             Began as a Troll Monk on Feb 25, 2024.
             Was the Champion of Okawaru.
             Succumbed to a swamp dragon's poison gas
             ... on level 11 of the Dungeon.
             The game lasted 00:27:07 (8436 turns).

Remcycle the Grappler (Troll Monk)                  Turns: 8436, Time: 00:27:08

Health: -2/119     AC:  9    Str: 30    XL:     12   Next: 39%
Magic:  3/11       EV: 18    Int:  8    God:    Okawaru [******]
Gold:   1995       SH:  0    Dex: 14    Spells: 11/11 levels left

rFire   . .          .
                       - Unarmed
rCold   . . .        c - orb {light}
rNeg    . . .        K - +0 troll leather armour
rPois   .            e - +1 hat
rElec   +            d - +2 cloak "Eqaruneny" {rElec rCorr Str+3 Int+2 Stlth-}
rCorr   +            (gloves unavailable)
SInv    +            (boots unavailable)
Will    .....        h - amulet "Lujyir" {Spirit Str+3} Stlth
                     f - +5 ring of evasion
HPRegen 1.99/turn    C - ring of see invisible
MPRegen 0.12/turn

%: guardian spirit
@: mighty, lethally poisoned (-2 -> -30), glowing
A: large, unfitting armour, claws 3, regeneration 1, shaggy fur 1, tough skin 1
a: Renounce Religion, Heroism, Finesse, Duel, Receive Weapon, Receive Armour


You were on level 11 of the Dungeon.
You worshipped Okawaru.
Okawaru was exalted by your worship.
You visited 2 branches of the dungeon, and saw 12 of its levels.

You collected 2109 gold pieces.
You spent 114 gold pieces at shops.

Inventory:

Hand Weapons
 n - the +1 mace "Piki" {speed, Dex+3}
   (You found it on level 4 of the Dungeon)

   Dex+3:     It affects your dexterity (+3).
Missiles
 u - 18 large rocks
 F - a throwing net
Armour
 a - a +0 robe
 c - an orb of light (worn)
 d - the +2 cloak "Eqaruneny" (worn) {rElec rCorr Str+3 Int+2 Stlth-}
   (You acquired it on level 4 of the Dungeon)

   Str+3:     It affects your strength (+3).
   Int+2:     It affects your intelligence (+2).
   rElec:     It insulates you from electricity.
   rCorr:     It protects you from acid and corrosion.
   Stlth-:    It makes you less stealthy.
 e - a +1 hat (worn)
 E - a +2 robe of positive energy
 K - a +0 troll leather armour (worn)
Jewellery
 f - a +5 ring of evasion (left claw)
 h - the amulet "Lujyir" (around neck) {Spirit Str+3}
   (You found it on level 5 of the Dungeon)

   [amulet of guardian spirit]

   Spirit:    It causes incoming damage to be divided between your reserves of
   health and magic.
   Str+3:     It affects your strength (+3).
 l - a ring of ice
 q - a +5 ring of evasion
 C - a ring of see invisible (right claw)
 J - a +6 ring of strength
Wands
 p - a wand of light (8)
 r - a wand of iceblast (8)
 w - a wand of mindburst (29) (quivered)
Scrolls
 g - a scroll of enchant armour
 j - a scroll of fog
 s - 10 scrolls of teleportation
 x - a scroll of poison
 y - a scroll of blinking
 A - 7 scrolls of identify
 H - 3 scrolls of revelation
 I - a scroll of fear {unknown}
Potions
 b - a potion of ambrosia
 i - 9 potions of curing
 k - a potion of cancellation
 m - 2 potions of berserk rage
 o - a potion of invisibility
 t - a potion of lignification
 v - 2 potions of mutation
 z - a potion of might
 B - a potion of resistance
 D - a potion of degeneration {unknown}
 G - a potion of heal wounds {unknown}


   Skills:
 + Level 7.9 Fighting
 + Level 8.1 Maces & Flails
 + Level 8.5 Dodging
 * Level 13.9 Unarmed Combat


You had 11 spell levels left.
You didn't know any spells.
Your spell library contained the following spells:

 Spells                   Type           Power      Damage    Failure   Level
 Gell's Gravitas          Tloc           0%         N/A       82%         3
 Teleport Other           Tloc           0%         N/A       82%         3
 Ignite Poison            Fire/Alch      0%         N/A       99%         4
 Passage of Golubria      Tloc           0%         N/A       99%         4
 Sticky Flame             Fire/Alch      0%         2d4       99%         4
 Silence                  Hex/Air        0%         N/A       100%        5
 Dispersal                Tloc           0%         N/A       100%        6
 Ignition                 Fire           0%         3d3       100%        8
 Lehudib's Crystal Spear  Conj/Erth      0%         10d2      100%        8


Dungeon Overview and Level Annotations

Branches:
Dungeon (11/15)            Temple (1/1) D:7            Lair (0/5) D:11
    Orc (0/2) D:10

Altars:
Ashenzari
Cheibriados
Dithmenos
Elyvilon
Fedhas
Gozag
Hepliaklqana
Kikubaaqudgha
Makhleb
Nemelex Xobeh
Okawaru
Qazlal
Ru
Sif Muna
Trog
Uskayaw
Vehumet
Wu Jian
Xom
Yredelemnul
Zin
The Shining One
Beogh

Shops:
D:1 ((***   D:9 !

Annotations:
D:5 2 transporters, eternalray's ghost, novice MiFi


Innate Abilities, Weirdness & Mutations

You are too large for most types of armour.
You have claws for hands.
Your natural rate of healing is unusually fast.
You are covered in fur. (AC +1)
You have tough skin. (AC +1)


Message History

The boulder beetle bites you!
* * * LOW HITPOINT WARNING * * *
You mangle the boulder beetle!!
The boulder beetle is heavily wounded.
The boulder beetle leaps!
You close the door.
Things that are here:
a +0 dagger; a +0 robe; an orc corpse
Things that are here:
a +0 giant spiked club; a +0 giant club
u - 18 large rocks (gained 3)
You see here a +0 long sword.
There is an open door, spattered with blood here.
You close the door.
A swamp dragon comes into view.
There's nothing to close nearby.
You are too injured to fight recklessly!
The swamp dragon roars deafeningly!
The swamp dragon breathes poison at you.
The blast of poison misses you.
You are engulfed in poison gas.
You are poisoned.
You feel very sick.
You are engulfed in poison gas.
You are more poisoned.
You feel extremely sick.
You are engulfed in poison gas.
You are more poisoned.
You feel extremely sick.
You are engulfed in poison gas.
You are more poisoned.
* * * LOW HITPOINT WARNING * * *
x2 You feel extremely sick.
There is an open door here.
You claw the plant!
The plant begins to die.
The plant is lightly damaged.
You are engulfed in poison gas.
You are more poisoned.
* * * LOW HITPOINT WARNING * * *
x2 You feel extremely sick.
You die...

#.#..##[...# #D#)..#.....#
#○+)..}##...'. # #○#)..#.###.##
#. ##.#.###... .#
#....#..#####D.#.# ...##
#....##.....°.##.. .##
#....#####°#########+######
#....#...°@P♣..#...#.#..)##
#...#♣.♣......#)..#.#...#. #
#...#...P.....#).'#.#'..#. +
#≈#...#....♣..♣.####..~#####
#.#≈#...'....⌠♣...'.........'.
..##.~....#....♣....####~.'####.
.....~....#♣♣..P..♣.#..†#.#'†.#.
...#.~.#..#♣........#|..#.#...#.
##≈##..#♣......♣.#)=.#.#...##


There were no monsters in sight!

Vanquished Creatures
  Gastronok (D:9)
  The ghost of syon the Fighter, a journeyman MiFi of Okawaru (D:9)
  Erolcha (D:9)
  The ghost of CumLord the Cleaver, a journeyman FoFi of Beogh (D:9)
  A boulder beetle (D:11)
  A centaur warrior (D:11)
  2 two-headed ogres (D:11)
  A deep elf zephyrmancer (D:11)
  A deep elf pyromancer (D:11)
  2 cyclopes (D:11)
  An ugly thing (D:11)
  2 manticores (D:11)
  A gargoyle (D:11)
  Jeremiah (D:7)
  A kobold demonologist (D:11)
  2 komodo dragons
  An unseen horror (D:11)
  5 trolls
  Prince Ribbit (D:9)
  A shadow (D:11)
  23 yaks
  A vampire (D:10)
  2 wraiths (D:11)
  A redback (D:11)
  A steam dragon (D:10)
  3 acid dragons (D:11)
  The ghost of 1n5z the Apothecary, an amateur DEAl (D:4)
  2 black bears
  3 ice beasts
  A sky beast (D:7)
  10 orc warriors
  4 centaurs
  3 phantoms
  3 kobold brigands
  5 bullfrogs
  A gnoll sergeant (D:9)
  A scorpion (D:3)
  6 wights
  3 howler monkeys
  7 orc priests
  2 jellies (D:6)
  5 hounds
  2 sleepcaps
  Terence (D:2)
  12 orc wizards
  3 iguanas (D:6)
  Robin (D:2)
  7 adders
  6 gnolls
  A shadow imp (D:8)
  A white imp (D:7)
  4 ufetubi
  A dart slug (D:1)
  3 ribbon worms
  41 orcs
  7 bats
  5 endoplasms
  5 giant cockroaches
  22 goblins
  8 hobgoblins
  11 jackals
  5 quokkas
  7 ball pythons
  3 frilled lizards
  25 kobolds
  8 rats
305 creatures vanquished.

Vanquished Creatures (others)
  A kobold demonologist (D:11)
1 creature vanquished.

Grand Total: 306 creatures vanquished

Notes
Turn   | Place    | Note
-------+----------+-------------------------------------------
     0 | D:1      | Remcycle the Troll Monk began the quest for the Orb.
     0 | D:1      | Reached XP level 1. HP: 22/22 MP: 0/0
    32 | D:1      | Found Qesesops's Assorted Antiques.
    39 | D:1      | Found Cukhlavea's Weapon Shoppe.
   115 | D:1      | Found Tule's Weapon Shoppe.
   122 | D:1      | Reached XP level 2. HP: 28/29 MP: 1/1
   272 | D:1      | Found Cuhol's General Store.
   321 | D:1      | Found Tutzi's Assorted Antiques.
   474 | D:1      | Reached XP level 3. HP: 36/36 MP: 2/2
   552 | D:1      | Bought a scroll labelled KAUR TAUJAPI for 24 gold pieces
   552 | D:1      | Bought a scroll labelled DUH ODDA KOAKOSHI for 24 gold
                  | pieces
   552 | D:1      | Bought a yellow potion for 21 gold pieces
   552 | D:1      | Bought a scroll labelled GIOCZOXZ SATZ for 24 gold pieces
   552 | D:1      | Bought a purple potion for 21 gold pieces
   577 | D:2      | Reached skill level 4 in Unarmed Combat
   651 | D:2      | Noticed Terence
   661 | D:2      | Killed Terence
   662 | D:2      | Reached XP level 4. HP: 33/44 MP: 3/3
   694 | D:2      | Noticed Robin
   715 | D:2      | Killed Robin
   899 | D:2      | Found a faded altar of an unknown god.
  1450 | D:3      | Reached skill level 5 in Unarmed Combat
  1499 | D:3      | Reached XP level 5. HP: 50/50 MP: 4/4
  1772 | D:4      | Acquired 1204 gold pieces
  1794 | D:4      | Acquired the +2 cloak "Eqaruneny" {rElec rCorr Str+3 Int+2
                  | Stlth-}
  1853 | D:4      | Reached XP level 6. HP: 59/59 MP: 5/5
  1923 | D:4      | Reached skill level 6 in Unarmed Combat
  1972 | D:4      | Noticed 1n5z's ghost (amateur DEAl)
  1973 | D:4      | Found a runed translucent gate.
  1974 | D:4      | Found a runed translucent gate.
  1975 | D:4      | Found a runed translucent gate.
  1976 | D:4      | Identified the +1 dagger "Oqek" {spect, *Corrode rN++}
  2200 | D:4      | Identified the +1 mace "Piki" {speed, Dex+3}
  2358 | D:4      | Found a roughly hewn altar of Beogh.
  2378 | D:4      | Killed 1n5z's ghost
  2379 | D:4      | Reached XP level 7. HP: 66/66 MP: 6/6
  2381 | D:4      | Reached skill level 1 in Maces & Flails
  2419 | D:5      | Entered Level 5 of the Dungeon
  2441 | D:5      | Identified the amulet "Lujyir" {Spirit Str+3}
  2698 | D:5      | Reached skill level 7 in Unarmed Combat
  2823 | D:5      | Identified the +2 buckler of Dishonour {Fly}
  2855 | D:5      | Found a transporter.
  2855 | D:5      | Found a transporter.
  2869 | D:5      | Noticed eternalray's ghost (novice MiFi)
  2929 | D:5      | Found a white marble altar of Elyvilon.
  3035 | D:5      | Identified the ring "Qiom Ireaku" {rF+ Str+3}
  3472 | D:6      | Reached XP level 8. HP: 68/75 MP: 7/7
  3616 | D:6      | Reached skill level 5 in Dodging
  3616 | D:6      | Reached skill level 8 in Unarmed Combat
  4139 | D:7      | Noticed Jeremiah
  4201 | D:7      | Killed Jeremiah
  4202 | D:7      | Reached XP level 9. HP: 42/85 MP: 8/8
  4248 | D:7      | Reached skill level 9 in Unarmed Combat
  4432 | D:7      | Found a staircase to the Ecumenical Temple.
  4444 | Temple   | Entered the Ecumenical Temple
  4450 | Temple   | Became a worshipper of Warmaster Okawaru
  4450 | Temple   | Reached * piety under Okawaru
  4450 | Temple   | Reached ** piety under Okawaru
  4556 | D:7      | Found a shimmering blue altar of Sif Muna.
  4557 | D:7      | Found a snail-covered altar of Cheibriados.
  4558 | D:7      | Found a bloodstained altar of Trog.
  4561 | D:7      | Found a burning altar of Makhleb.
  4998 | D:8      | Reached skill level 5 in Fighting
  5004 | D:8      | Reached skill level 10 in Unarmed Combat
  5095 | D:8      | Reached skill level 5 in Maces & Flails
  5109 | D:8      | Reached *** piety under Okawaru
  5113 | D:8      | Reached XP level 10. HP: 96/96 MP: 9/9
  5941 | D:9      | Noticed Prince Ribbit
  5949 | D:9      | Killed Prince Ribbit
  6023 | D:9      | Found Hukkexzuse's Distillery.
  6070 | D:9      | Noticed Gastronok
  6087 | D:9      | Killed Gastronok
  6087 | D:9      | Reached **** piety under Okawaru
  6088 | D:9      | Reached skill level 11 in Unarmed Combat
  6473 | D:9      | Noticed Erolcha
  6496 | D:9      | Killed Erolcha
  6496 | D:9      | Reached ***** piety under Okawaru
  6497 | D:9      | Reached XP level 11. HP: 92/107 MP: 8/10
  6609 | D:9      | Found a runed translucent gate.
  6609 | D:9      | Found a runed translucent gate.
  6609 | D:9      | Found a runed translucent gate.
  6610 | D:9      | Noticed syon's ghost (journeyman MiFi)
  6610 | D:9      | Noticed CumLord's ghost (journeyman FoFi)
  6954 | D:9      | Killed CumLord's ghost
  6960 | D:9      | Killed syon's ghost
  6961 | D:9      | Reached skill level 12 in Unarmed Combat
  7025 | D:10     | Entered Level 10 of the Dungeon
  7171 | D:10     | Received a gift from Okawaru
  7707 | D:10     | Found a staircase to the Orcish Mines.
  7845 | D:11     | Found a staircase to the Lair.
  8128 | D:11     | Noticed a centaur warrior
  8134 | D:11     | Killed a centaur warrior
  8135 | D:11     | Reached skill level 13 in Unarmed Combat
  8164 | D:11     | Noticed a white ugly thing
  8170 | D:11     | Received a gift from Okawaru
  8177 | D:11     | Killed a white ugly thing
  8185 | D:11     | Reached XP level 12. HP: 113/118 MP: 9/11
  8213 | D:11     | Noticed a two-headed ogre
  8221 | D:11     | Killed a two-headed ogre
  8384 | D:11     | Received a gift from Okawaru
  8398 | D:11     | Noticed a two-headed ogre
  8404 | D:11     | Killed a two-headed ogre
  8404 | D:11     | Reached ****** piety under Okawaru
  8405 | D:11     | Noticed a boulder beetle
  8405 | D:11     | Noticed a boulder beetle
  8415 | D:11     | Killed a boulder beetle
  8436 | D:11     | Succumbed to a swamp dragon's poison gas

Illustrated notes

Levels and vault maps discovered:
D:1:      lemuel_arrival_hallway, layout_rooms, serial_shops,
          nicolae_shop_tiny_real_fake_doors, nicolae_shop_bloodbath_and_beyond,
          nicolae_shop_pleasant_corner_grove, nicolae_shop_overgrown_old_shop,
          nicolae_shop_temple_entry_statues_fountains
D:2:      layout_loops_ring, chequers_ecumenical_altar_simple_redux,
          grunt_ministairs_12, columned_hall_lemuel, minmay_circle_x,
          uniq_robin, uniq_terence
D:3:      layout_basic
D:4:      minmay_recursive_quarters, layout_cave_pools,
          biasface_ghost_orc_armoury
D:5:      layout_loops_ring, mainiacjoe_overflow_chevrons,
          gammafunk_ghost_gnarly_gnolls
D:6:      layout_loops_corners, abandoned_shop, dreamdust_gnoll_farm
D:7:      layout_rooms, minitemple, minmay_temple_entry_large_hall,
          kennysheep_generic_room_10, uniq_jeremiah
D:8:      layout_layer_cave
D:9:      layout_long_grid, gammafunk_ghost_cemetery, serial_shops, shop,
          nicolae_eternal_life, uniq_erolcha, uniq_gastronok,
          uniq_prince_ribbit1
D:10:     layout_grid_maze, david_orc_4
D:11:     minmay_the_grid_3x3 [minmay_the_grid_dragon_b,
          minmay_the_grid_tri_star, minmay_the_grid_embedded,
          minmay_the_grid_garden, minmay_the_grid_spin_star,
          minmay_the_grid_outer_circle, minmay_the_grid_zigzag_pyramid,
          minmay_the_grid_odd_star, minmay_the_grid_prize_four_corners],
          layout_irregular_city, serial_rivers, chequers_serial_rivers_room_b,
          chequers_serial_rivers_micro_a, chequers_serial_rivers_micro_e,
          chequers_serial_rivers_large_b, chequers_serial_rivers_micro_c,
          nicolae_clarity_for_sale
Temple:   sentei_temple_godly_chess

Skill      XL: |  1  2  3  4  5  6  7  8  9 10 11 12 |
---------------+-------------------------------------+-----
Unarmed Combat | 4 5 6 7 8 10 11 13 | 13.9
Dodging        | 3 4 5 6 7 8 |  8.5
Maces & Flails | 2 3 5 6 7 8 |  8.1
Fighting       | 3 4 5 6 7 |  7.9

Action                     |  1- 3 |  4- 6 |  7- 9 | 10-12 || total
---------------------------+-------+-------+-------+-------++-------
  Melee: Unarmed           |    68 |   151 |   238 |   342 ||   799
  Evoke: Wand              |       |     1 |       |       ||     1
    Use: Scroll            |       |    15 |    10 |     2 ||    27
         Potion            |       |       |       |     1 ||     1
 Armour: Robe              |    42 |    38 |    90 |   120 ||   290
         Troll leather arm |       |       |       |    68 ||    68
  Dodge: Dodged            |    36 |   112 |   286 |   289 ||   723

Table legend: (Time is in decaauts)
 A = Elapsed time spent in this place.
 B = Non-inter-level travel time spent in this place.
 C = Inter-level travel time spent in this place.
 D = Time resting spent in this place.
 E = Time spent auto-exploring this place.
 F = Levels seen in this place.
 G = Mean time per level.
                   A        B        C        D        E       F      G
               +--------+--------+--------+--------+--------+-----+--------+
         Total |   8305 |   7977 |    328 |    195 |   6199 |  12 |  692.1 |
       Dungeon |   8292 |   7969 |    323 |    195 |   6199 |  11 |  753.8 |
        Temple |     12 |      7 |      5 |      0 |      0 |   1 |   12.0 |
               +--------+--------+--------+--------+--------+-----+--------+

Top non-repeatable levels by time:
     D:8: 1194 daAuts
     D:9: 1065 daAuts
     D:6: 1008 daAuts
     D:5: 776 daAuts
     D:2: 754 daAuts
    D:10: 745 daAuts
     D:4: 635 daAuts
    D:11: 612 daAuts
     D:1: 565 daAuts
     D:7: 492 daAuts
     D:3: 441 daAuts
  Temple: 12 daAuts
